 Dungeon Crawl Stone Soup version 0.21-a0-400-g417d9d2 (webtiles) character file.

1096 Kavrick the Cudgeler (level 8, -2/64 HPs)
             Began as a Formicid Fighter on Oct 20, 2017.
             Slain by Dowan
             ... wielding a +0 dagger of distortion
              (22 damage)
             ... on level 6 of the Dungeon.
             The game lasted 00:07:55 (4283 turns).

Kavrick the Cudgeler (Formicid Fighter)             Turns: 4283, Time: 00:07:56

Health: -2/64      AC: 19    Str: 24    XL:     8   Next: 57%
Magic:  8/8        EV:  7    Int:  7    God:
Gold:   427        SH: 10    Dex: 10    Spells: 7/7 levels left

rFire    . . .     SeeInvis +   D - +2 flail (protect)
rCold    . . .     Gourm    .   c - +0 shield
rNeg     . . .     Faith    .   p - +0 chain mail
rPois    .         Spirit   .   (helmet unavailable)
rElec    .         Reflect  .   (no cloak)
rCorr    .         Harm     .   i - +0 pair of gloves
MR       .....                  b - +0 pair of boots
Stlth    ..........             (no amulet)
HPRegen  0.20/turn              e - ring of flight
MPRegen  0.11/turn              (no ring)

@: protection aura
A: permanent stasis, dig shafts and tunnels, four strong arms, antennae 3
a: Dig, Shaft Self, Evoke Flight


You were on level 6 of the Dungeon.
You were hungry.

You visited 1 branch of the dungeon, and saw 6 of its levels.
You also visited: Ossuary.

You collected 427 gold pieces.

Inventory:

Hand Weapons
 D - a +2 flail of protection (weapon)
Armour
 b - a +0 pair of boots (worn)
 c - a +0 shield (worn)
 i - a +0 pair of gloves (worn)
 p - a +0 chain mail (worn)
Jewellery
 e - a ring of flight (left hand)
 C - an uncursed ring of protection from magic {unknown}
Wands
 u - a wand of lightning (6/15)
 B - a wand of iceblast (7/15)
Scrolls
 j - 2 scrolls of fear
 l - a scroll of immolation {unknown}
 m - 2 scrolls of remove curse
 r - a scroll of magic mapping
 t - a scroll of recharging
 y - 2 scrolls of identify
Potions
 d - a potion of berserk rage {unknown}
 g - a potion of haste {unknown}
 n - 4 potions of lignification
 o - 2 potions of degeneration {unknown}
 q - 3 potions of heal wounds {unknown}
 s - a potion of agility {unknown}
 v - a potion of mutation {unknown}
 w - a potion of curing {unknown}
 x - 2 potions of magic {unknown}
 z - 3 potions of brilliance {unknown}
 A - a potion of might
Comestibles
 f - 3 bread rations
 h - 6 meat rations
 k - 3 fruits


   Skills:
 + Level 5.6 Fighting
 * Level 6.3 Maces & Flails
 + Level 5.6 Armour
 + Level 6.2 Shields


You had 7 spell levels left.
You didn't know any spells.

Dungeon Overview and Level Annotations

Branches:
Dungeon (6/15)
 Temple: D:4-7

Altars:
Nemelex Xobeh
Wu Jian

Annotations:
D:6 Dowan


Innate Abilities, Weirdness & Mutations

You cannot be hasted, slowed, berserked, paralysed or teleported.
You can dig through walls and to a lower floor.
Your four strong arms can wield two-handed weapons with a shield.
You have a pair of large antennae on your head. (SInv)


Message History

You block Dowan's attack.
You hit Dowan but do no damage.
Dowan is almost dead.
Dowan gestures at you while chanting. The shard of ice hits you!
* * * LOW HITPOINT WARNING * * *
Dowan says, "How can I live without her?"
You block Dowan's attack.
You miss Dowan.
Dowan is almost dead.
You block Dowan's attack.
Dowan breathes, "And she was my only..."
Dowan barely misses you.
You barely miss Dowan.
Dowan is almost dead.
Dowan barely misses you.
You barely miss Dowan.
Dowan is almost dead.
Dowan hits you but does no damage. Space warps horribly around you!
You die...

#... #...###+####
####.!.#......#
..)....#......#####
.......#..........#
....{......###....#
..J.###.##)# ..)# .
##...†###....#
.##..##e@......#
.......)........
...?......##.#..
##...####..# #
#...# ..# .... ..#
### ... .... ...


You could see Dowan.

Vanquished Creatures
  The ghost of grom234 the Skirmisher, an amateur FoAK of Lugonu (D:3)
  Edmund (D:5)
  Duvessa (D:6)
  An ogre (D:2)
  A scorpion (D:4)
  A centaur zombie (D:3)
  A crimson imp (D:5)
  An orc priest (D:2)
  5 orc wizards
  Jessica (D:3)
  8 mummies (Ossuary)
  3 gnolls (D:4)
  6 adders
  An ooze (D:5)
  A worm (D:2)
  A dart slug (D:2)
  3 leopard geckos
  13 orcs
  5 bats
  6 giant cockroaches
  2 gnoll zombies (Ossuary)
  5 goblins
  6 hobgoblins
  7 jackals (D:2)
  5 kobolds
  A ball python (D:1)
  5 frilled lizards
  A hobgoblin zombie (Ossuary)
  3 kobold zombies (Ossuary)
  2 orc zombies (Ossuary)
  3 rats
101 creatures vanquished.

Notes
Turn   | Place    | Note
-------+----------+-------------------------------------------
     0 | D:1      | Kavrick the Formicid Fighter began the quest for the Orb.
     0 | D:1      | Reached XP level 1. HP: 18/18 MP: 1/1
   270 | D:1      | Reached XP level 2. HP: 23/24 MP: 2/2
   937 | D:2      | Reached XP level 3. HP: 20/29 MP: 3/3
  1160 | D:2      | Noticed an ogre
  1168 | D:2      | Killed an ogre
  1168 | D:2      | Reached XP level 4. HP: 36/37 MP: 4/4
  1168 | D:2      | Reached XP level 5. HP: 41/42 MP: 5/5
  1176 | D:2      | Found an ornate altar of the Wu Jian Council.
  1461 | D:2      | Reached XP level 6. HP: 39/48 MP: 6/6
  1865 | D:3      | Noticed Jessica
  1884 | D:3      | Killed Jessica
  1970 | D:3      | Noticed grom234's ghost (amateur FoAK)
  2215 | D:3      | Reached skill level 5 in Shields
  2243 | D:3      | Killed grom234's ghost
  2243 | D:3      | Reached skill level 5 in Maces & Flails
  2243 | D:3      | Reached XP level 7. HP: 15/55 MP: 7/7
  2657 | D:4      | Reached skill level 5 in Fighting
  2657 | D:4      | Reached skill level 5 in Armour
  2697 | D:4      | Found a sparkling altar of Nemelex Xobeh.
  3196 | D:5      | Entered Level 5 of the Dungeon
  3253 | D:5      | Found a sand-covered staircase.
  3257 | Ossuary  | Entered an ossuary
  3325 | Ossuary  | Reached XP level 8. HP: 44/62 MP: 8/8
  3647 | D:5      | Noticed Edmund
  3686 | D:5      | Killed Edmund
  4251 | D:6      | Noticed Duvessa
  4257 | D:6      | Killed Duvessa
  4263 | D:6      | Noticed Dowan
  4283 | D:6      | Slain by Dowan

Vault maps used:
D:1:      lemuel_arrival_broad_hall
D:2:      old_standard_altar, first_bread
D:3:      uniq_jessica
D:4:      kennysheep_mini
D:5:      nicolae_ossuary_entry_plus, uniq_edmund
D:6:      minmay_misc_feat_five, minmay_a_box_with_orc_wizards_in_it,
          uniq_duvessa
Ossuary:  ossuary_tomb_3

Skill      XL: |  1  2  3  4  5  6  7  8 |
---------------+-------------------------+-----
Shields        | 4 5 6 |  6.2
Fighting       | 4 5 |  5.6
Maces & Flails | 3 5 6 |  6.3
Armour         | 4 5 |  5.6

Action                   |  1- 3 |  4- 6 |  7- 9 || total
-------------------------+-------+-------+-------++-------
Melee: Flail             |    89 |   195 |   209 ||   493
  Use: Potion            |       |     1 |       ||     1
       Scroll            |       |       |     7 ||     7
  Eat: Chunk             |     1 |     4 |     6 ||    11
Armor: Scale mail        |    39 |    13 |       ||    52
       Chain mail        |       |    96 |    93 ||   189
Dodge: Dodged            |    33 |    32 |    44 ||   109
Block: Shield            |    40 |   110 |   114 ||   264

Table legend:
 A = Spawn XP
 B = Non-spawn XP
 C = Spawn XP percentage of total XP
 D = Spawn monster count
 E = Non-spawn monster count
 F = Spawn count percentage of total count
 G = Total turns spent on level
                    A         B        C        D         E        F      G
               +---------+---------+-------+---------+---------+-------+---------
         Total |       0 |    1567 |   0.0 |       0 |     101 |   0.0 |  4283
               +---------+---------+-------+---------+---------+-------+---------
           D:1 |       0 |      18 |   0.0 |       0 |      11 |   0.0 |   922
           D:2 |       0 |     284 |   0.0 |       0 |      28 |   0.0 |   903
           D:3 |       0 |     479 |   0.0 |       0 |      25 |   0.0 |   793
           D:4 |       0 |     159 |   0.0 |       0 |       8 |   0.0 |   578
           D:5 |       0 |     322 |   0.0 |       0 |      10 |   0.0 |   683
           D:6 |       0 |     153 |   0.0 |       0 |       3 |   0.0 |    51
       Ossuary |       0 |     152 |   0.0 |       0 |      16 |   0.0 |   353
               +---------+---------+-------+---------+---------+-------+---------
